 Dungeon Crawl Stone Soup version 0.31-a0-221-gbddc013574 (webtiles) character file.

Game seed: 14931214499790585938

161 qw the Shooter (level 5, 0/44 HPs)
             Began as a Minotaur Hexslinger on July 4, 2023.
             Slain by Sigmund
             ... wielding a +2 scythe of flaming
              (6 damage)
             ... on level 4 of the Dungeon.
             The game lasted 00:00:51 (3062 turns).

qw the Shooter (Minotaur Hexslinger)                Turns: 3062, Time: 00:00:51

Health: 0/44       AC:  5    Str: 12    XL:     5   Next: 19%
Magic:  5/5        EV: 12    Int: 10    God:
Gold:   114        SH:  0    Dex: 18    Spells: 5/6 levels left

rFire   . . .        Y - +1 sling
rCold   . . .        (no shield)
rNeg    + . .        l - +1 leather armour of Ru, Shrinking {Dex+3}
rPois   .            (helmet restricted)
rElec   .            (no cloak)
rCorr   .            (no gloves)
SInv    .            m - +0 pair of boots
Will    .....        (no amulet)
Stlth   +            d - ring of positive energy
HPRegen 0.27/turn    (no ring)
MPRegen 0.09/turn

%: no passive effects
@: no status effects
A: horns 2, retaliatory headbutt
a: no special abilities


You were on level 4 of the Dungeon.
You visited 1 branch of the dungeon, and saw 4 of its levels.

You collected 114 gold pieces.


Innate Abilities, Weirdness & Mutations

You have a pair of horns on your head.
You reflexively headbutt those who attack you in melee.


   Skills:
 + Level 2.8 Fighting
 - Level 5.4 Ranged Weapons
 - Level 2.1 Dodging
 - Level 1.0 Spellcasting
 - Level 2.0 Hexes


You had 5 spell levels left.
You knew the following spells:

 Your Spells              Type           Power      Damage    Failure   Level
a - Slow                  Hex            16%        N/A       19%         1

Your spell library contained the following spells:

 Spells                   Type           Power      Damage    Failure   Level
 Inner Flame              Hex/Fire       2%         N/A       65%         3
 Portal Projectile        Hex/Tloc       4%         N/A       65%         3
 Cause Fear               Hex            2%         N/A       88%         4

Inventory:

Hand Weapons
 Y - a +1 sling (weapon)
Armour
 l - the +1 leather armour of Ru, Shrinking (worn) {Dex+3}
   (You found it on level 2 of the Dungeon)

   Dex:       It affects your dexterity (+3).
 m - a +0 pair of boots (worn)
Jewellery
 d - a ring of positive energy (left hand)
Scrolls
 a - 2 scrolls of identify
Potions
 b - a potion of enlightenment
 f - a potion of degeneration {unknown}
 g - a potion of brilliance {unknown}
 h - a potion of curing {unknown}
 k - a potion of cancellation {unknown}

Dungeon Overview and Level Annotations

Branches:
Dungeon (4/15)
 Temple: D:4-7

Altars:
Yredelemnul

Annotations:
D:3 2 runed translucent doors, Crazy Yiuf
D:4 Sigmund


Message History

The sling bullet hits Sigmund but does no damage.
Sigmund is heavily wounded.
Sigmund completely misses you.
You shoot a sling bullet. The sling bullet hits Sigmund.
Sigmund is heavily wounded.
Sigmund points at you and mumbles some strange words.
You resist with some effort.
You shoot a sling bullet.
The sling bullet closely misses Sigmund.
Sigmund hits you from afar with a +2 scythe of flaming!
Sigmund burns you.
You shoot a sling bullet. The sling bullet hits Sigmund.
Sigmund is heavily wounded.
Sigmund barely misses you.
You shoot a sling bullet. The sling bullet hits Sigmund!
Sigmund is almost dead.
You shoot a sling bullet.
The sling bullet closely misses Sigmund.
Sigmund hits you from afar with a +2 scythe of flaming!
Sigmund burns you.
You shoot a sling bullet. The sling bullet barely misses Sigmund.
Sigmund casts a spell at you. You resist with some effort.
You shoot a sling bullet. The sling bullet hits Sigmund.
Sigmund is almost dead.
Sigmund hits you from afar with a +2 scythe of flaming.
Sigmund burns you.
You shoot a sling bullet.
The sling bullet closely misses Sigmund.
Sigmund hits you from afar with a +2 scythe of flaming.
Sigmund burns you.
You shoot a sling bullet.
The sling bullet hits Sigmund but does no damage.
Sigmund is almost dead.
Sigmund mumbles some strange words.
Sigmund flickers and vanishes!
Deactivating autopickup; reactivate with Ctrl-A.
You shoot a sling bullet. Something hits you.
You die...

...... #.....
#....#
##....#
.....#
####..{##
#.......#
#.@.# #..##
#..# #..#
#####.##
#.....# .....
###...# ....
#...##
...#####....#


There were no monsters in sight!

Vanquished Creatures
  A howler monkey (D:3)
  A hound (D:3)
  4 adders
  2 worms
  A dart slug (D:2)
  3 bats
  6 endoplasms
  4 giant cockroaches
  5 hobgoblins
  A quokka (D:1)
  6 ball pythons
  3 goblins
  A jackal zombie (D:3)
  8 kobolds
  4 rats
50 creatures vanquished.

Notes
Turn   | Place    | Note
-------+----------+-------------------------------------------
     0 | D:1      | qw the Minotaur Hexslinger began the quest for the Orb.
     0 | D:1      | Reached XP level 1. HP: 16/16 MP: 1/1
     0 | D:1      | 0 ||| qw: Version: 0.3-a-41-g9d075ac
     0 | D:1      | 0 ||| qw: Game counter: 776
     0 | D:1      | 0 ||| qw: Melee chars always use a shield: true
     0 | D:1      | 0 ||| qw: God list: Okawaru
     0 | D:1      | 0 ||| qw: Allow faded altars: false
     0 | D:1      | 0 ||| qw: Do Orc after clearing Dungeon:15 true
     0 | D:1      | 0 ||| qw: Do second Lair branch before Depths: true
     0 | D:1      | 0 ||| qw: Lair rune preference: random
     0 | D:1      | 0 ||| qw: Goals: Normal
     0 | D:1      | 0 ||| PLANNING D:1-11
   339 | D:1      | Reached skill level 3 in Ranged Weapons
   346 | D:1      | Reached XP level 2. HP: 22/23 MP: 2/2
   932 | D:1      | 932 ||| UPGRADING to +0 leather armour.
   942 | D:1      | 942 ||| DROPPING +0 robe.
   943 | D:1      | 943 ||| UPGRADING to ring of positive energy.
   944 | D:1      | 944 ||| DROPPING scroll of poison.
   965 | D:2      | 965 ||| STAIRDANCE
  1129 | D:2      | Reached XP level 3. HP: 29/29 MP: 3/3
  1142 | D:2      | Reached skill level 4 in Ranged Weapons
  1167 | D:2      | Identified the +1 leather armour of Ru, Shrinking {Dex+3}
  1240 | D:2      | Found a faded altar of an unknown god.
  1516 | D:2      | Reached XP level 4. HP: 25/36 MP: 4/4
  1826 | D:2      | 1826 ||| UPGRADING to +0 ring mail.
  1836 | D:2      | 1836 ||| DROPPING +0 leather armour.
  1837 | D:2      | 1837 ||| UPGRADING to +1 leather armour of Ru, Shrinking
                  | {Dex+3}.
  1847 | D:2      | 1847 ||| DROPPING +0 ring mail.
  1848 | D:2      | 1848 ||| UPGRADING to +0 pair of boots.
  1853 | D:2      | 1853 ||| READING scroll labelled IMUMECK QAKEO.
  1854 | D:2      | 1854 ||| READING scroll labelled FIOHAU WYBBIR.
  1909 | D:2      | 1909 ||| READING scroll labelled TUOCZA OMONO.
  1954 | D:3      | 1954 ||| STAIRDANCE
  2117 | D:3      | Found a runed translucent door.
  2117 | D:3      | Noticed a human
  2389 | D:3      | Found a basalt altar of Yredelemnul.
  2572 | D:3      | Found a runed translucent door.
  2573 | D:3      | Noticed Crazy Yiuf
  2730 | D:3      | 2730 ||| READING 3 scrolls labelled BEPNUTESON.
  2731 | D:3      | 2731 ||| READING 2 scrolls of identify.
  2731 | D:3      | 2731 ||| IDENTIFYING amethyst potion
  2810 | D:4      | 2810 ||| STAIRDANCE
  2818 | D:3      | Reached skill level 5 in Ranged Weapons
  2919 | D:4      | 2919 ||| STAIRDANCE
  2923 | D:3      | Reached XP level 5. HP: 36/44 MP: 5/5
  3046 | D:4      | Noticed Sigmund
  3059 | D:4      | HP: 11/44 [Sigmund/+2 scythe of flaming (4)]
  3062 | D:4      | Slain by Sigmund

Levels and vault maps discovered:
D:1:      lightli_arrival_maybe_door_vault, layout_basic,
          hangedman_abyss_or_decor_stabs
D:2:      layout_loops_ring, hellmonk_ecumenical_altar_run_dry,
          eino_tiny_chamber, serial_bayou_ford_a
D:3:      layout_basic, dk_yredelemnul_ordeal, uniq_crazy_yiuf_cottage
D:4:      corexii_shantytown, layout_basic, worldfamousw_hep_ancestral_shrine,
          uniq_sigmund

Skill      XL: |  1  2  3  4 |
---------------+-------------+-----
Ranged Weapons | 3 4 5 |  5.4
Fighting       | 2 |  2.8
Dodging        | |  2.1
Spellcasting   | |  1.0
Hexes          | |  2.0

Action                     |  1- 3 |  4- 6 || total
---------------------------+-------+-------++-------
   Fire: Sling             |   101 |    75 ||   176
    Use: Scroll            |       |     5 ||     5
 Armour: Robe              |     4 |       ||     4
         Leather armour    |     5 |     6 ||    11
  Dodge: Dodged            |    26 |    33 ||    59

Table legend:
 A = Non-vault XP
 B = Vault XP
 C = Vault XP percentage of total XP
 D = Non-vault monster count
 E = Vault monster count
 F = Vault count percentage of total count
                 A         B        C        D         E       F
            +---------+---------+-------+---------+---------+-------
      Total |     227 |       4 |   1.7 |      47 |       3 |   6.0
            +---------+---------+-------+---------+---------+-------
        D:1 |      27 |       0 |   0.0 |      15 |       0 |   0.0
        D:2 |      80 |       0 |   0.0 |      22 |       0 |   0.0
        D:3 |     118 |       1 |   0.8 |       9 |       1 |  10.0
        D:4 |       2 |       3 |  60.0 |       1 |       2 |  66.7
            +---------+---------+-------+---------+---------+-------
